 Dungeon Crawl Stone Soup version 0.26.0-10-g1f06aea511 (webtiles) character file.

Game seed: 1789992155627994955

56 Borgoz the Slasher (level 3, 0/30 HPs)
             Began as a Ghoul Gladiator on Jan 18, 2021.
             Slain by an orc
             ... wielding a +0 club
              (2 damage)
             ... on level 3 of the Dungeon.
             The game lasted 00:01:59 (1041 turns).

Borgoz the Slasher (Ghoul Gladiator)                Turns: 1041, Time: 00:01:59

Health: 0/30       AC:  7    Str: 17    XL:     3   Next: 97%
Magic:  0/2        EV: 11    Int:  3    God:
Gold:   74         SH:  0    Dex: 11    Spells: 0/2 levels left

rFire    + . .     SeeInvis .   a - +0 long sword
rCold    + . .     Faith    .   (no shield)
rNeg     + + +     Spirit   +   l - +0 ring mail (curse)
rPois    ∞         Reflect  .   c - +0 helmet
rElec    .         Harm     .   (no cloak)
rCorr    .         Rampage  .   k - +0 pair of gloves (curse)
Will     .....                  (no boots)
Stlth    ..........             n - amulet of guardian spirit
HPRegen  0.00/turn              e - ring of attention (curse)
MPRegen  0.08/turn              g - ring of protection from fire

@: no status effects
A: claws 1, cold resistance 1, negative energy resistance 3, inhibited
regeneration, torment resistance, unbreathing
a: no special abilities


You were on level 3 of the Dungeon.
You visited 1 branch of the dungeon, and saw 3 of its levels.

You collected 74 gold pieces.

Inventory:

Hand Weapons
 a - a +0 long sword (weapon)
Missiles
 d - 3 throwing nets (quivered)
Armour
 c - a +0 helmet (worn)
 k - a cursed +0 pair of gloves (worn)
 l - a cursed +0 ring mail (worn)
Jewellery
 e - a cursed ring of attention (left hand)
 g - a ring of protection from fire (right hand)
 n - an amulet of guardian spirit (around neck)
Scrolls
 i - a scroll of magic mapping {unknown}
 o - a scroll of teleportation {unknown}
Potions
 b - a potion of heal wounds
 f - a potion of berserk rage {unknown}
 h - 2 potions of attraction {unknown}
 j - a potion of ambrosia {unknown}


   Skills:
 + Level 2.7 Fighting
 * Level 3.3 Long Blades
 - Level 1.7 Throwing
 * Level 1.6 Armour
 + Level 3.0 Dodging


You couldn't memorise any spells.
You knew the following spells:

 Your Spells              Type           Power        Failure   Level
a - Blink                 Tloc           N/A          86%         2

Your spell library contained the following spells:

 Spells                   Type           Power        Failure   Level
 Magic Dart               Conj           0%           73%         1
 Call Imp                 Summ           0%           86%         2
 Slow                     Hex            0%           86%         2
 Conjure Flame            Conj/Fire      0%           97%         3
 Mephitic Cloud           Conj/Pois/Air  0%           97%         3


Dungeon Overview and Level Annotations

Branches:
Dungeon (3/15)

Altars:


Innate Abilities, Weirdness & Mutations

You thrive by killing the living.
You are immune to poison.
You have sharp fingernails.
Your flesh is cold resistant. (rC+)
You are immune to negative energy. (rN+++)
You do not regenerate when monsters are visible.
You are immune to unholy pain and torment.
You can survive without breathing.


Message History

Something hits you but does no damage.
You miss something.
You hear some strange, mumbled words.
Something tries to affect you, but you resist.
You miss something. Something hits you but does no damage.
The orc closely misses you. Something completely misses you.
Items here: )) ††.
You hit the orc.
The orc is lightly wounded.
The orc hits you but does no damage. Something hits you.
You hit the orc but do no damage.
The orc is lightly wounded.
The orc hits you with a +0 club.
* * * LOW HITPOINT WARNING * * *
You hear some strange, mumbled words.
A magic dart appears from out of thin air!
The magic dart hits you.
* * * LOW HITPOINT WARNING * * *
The orc hits you with a +0 club.
You die...

#.##### #.....#
#.....##......#
#.....##......#
....
#.!!..##......#
....
.....##......###...
#..##...........
#{)#...o.ro..#
##@##....?...#
#.o..........# #
##.#.........# #.
####........# #.#
##.......+ #..##+#
####........#
#.)#.##
##.#.†.......#
##....#
#....†........#
##..##
##..#.........#


You could see an orc.

Vanquished Creatures
  A gnoll (D:1)
  A worm (D:2)
  A leopard gecko (D:1)
  5 orcs (D:3)
  3 bats
  A giant cockroach (D:1)
  3 goblins
  4 hobgoblins
  4 kobolds
  A quokka (D:2)
  2 ball pythons (D:3)
  2 frilled lizards (D:2)
  10 rats
38 creatures vanquished.

Notes
Turn   | Place    | Note
-------+----------+-------------------------------------------
     0 | D:1      | Borgoz the Ghoul Gladiator began the quest for the Orb.
     0 | D:1      | Reached XP level 1. HP: 17/17 MP: 0/0
    83 | D:1      | Reached XP level 2. HP: 24/24 MP: 1/1
   352 | D:1      | Reached skill level 1 in Armour
   354 | D:1      | Reached XP level 3. HP: 26/30 MP: 2/2
   804 | D:2      | Learned a level 2 spell: Blink
  1041 | D:3      | Slain by an orc

Illustrated notes

Levels and vault maps discovered:
D:1:      evilmike_arrival_plus, layout_basic
D:2:      layout_rooms, nemelex_xobeh_ov_fountains_minmay,
          chequers_ecumenical_altar_simple_redux
D:3:      layout_basic, minmay_fractal_squares_gapless_5

Skill      XL: |  1  2  3 |
---------------+----------+-----
Armour         | 1 |  1.6
Long Blades    | 3 |  3.3
Dodging        | 3 |  3.0
Fighting       | |  2.7
Throwing       | |  1.7

Action                   || total
-------------------------++-------
Melee: Long sword        ||   121
  Use: Scroll            ||     2
Armor: Leather armour    ||    15
       Ring mail         ||    33
Dodge: Dodged            ||    87
       Rpst.: Long sword ||    25
